 Dungeon Crawl Stone Soup version 0.19.1-1-g22dce08 (webtiles) character file.

422 theAP the Cudgeler (level 6, 0/44 HPs)
             Began as a Gargoyle Fighter on Jan 3, 2017.
             Slain by an ogre
             ... wielding a +0 giant spiked club
              (19 damage)
             ... on level 5 of the Dungeon.
             The game lasted 00:05:42 (1822 turns).

theAP the Cudgeler (Gargoyle Fighter)               Turns: 1822, Time: 00:05:43

Health: 0/44       AC: 13    Str: 22    XL:     6   Next: 95%
Magic:  6/6        EV:  7    Int:  8    God:
Gold:   192        SH: 11    Dex: 11    Spells: 0 memorised, 5 levels left

rFire  . . .     SeeInvis .     q - +2 whip (elec)
rCold  + . .     Gourm    .     o - +0 scale mail {rC+}
rNeg   + . .     Faith    .     c - +0 shield
rPois  ∞         Spirit   .     (no helmet)
rElec  +         Reflect  +     (no cloak)
rCorr  .         Harm     .     (no gloves)
MR     +....                    (no boots)
Stlth  ..........               s - +2 amulet of reflection
                                e - ring of protection from magic
                                (no ring)

@: no status effects
A: thin metallic scales 1, thin skeletal structure 1, negative energy resistance
1, robust 1, electricity resistance, unbreathing, petrification resistance, rot
immunity, AC +4
a: no special abilities


You were on level 5 of the Dungeon.
You were very hungry.

You visited 1 branch of the dungeon, and saw 5 of its levels.

You collected 192 gold pieces.

Inventory:

Hand Weapons
 a - a +0 flail
 q - a +2 whip of electrocution (weapon)
Armour
 b - a +0 scale mail
 c - a +0 shield (worn)
 o - a +0 scale mail of cold resistance (worn)
Jewellery
 e - a ring of protection from magic (right hand)
 h - a -2 ring of evasion
 r - a +4 ring of dexterity {unknown}
 s - a +2 amulet of reflection (around neck)
Wands
 j - a wand of flame (13/48)
Scrolls
 i - 3 scrolls of remove curse
 u - a scroll of amnesia
Potions
 d - 2 potions of might
 g - 2 potions of flight
 m - 3 potions of heal wounds {unknown}
 n - 2 potions of cancellation
 t - 2 potions of cure mutation {unknown}
 v - a potion of invisibility {unknown}
Comestibles
 f - 4 bread rations
 k - a royal jelly
 l - a beef jerky
 p - a meat ration


   Skills:
 + Level 5.2 Fighting
 * Level 5.9 Maces & Flails
 - Level 3.5 Armour
 - Level 3.4 Shields


You had 5 spell levels left.
You didn't know any spells.

Dungeon Overview and Level Annotations

Branches:
Dungeon (6/15)
 Temple: D:4-7

Altars:


Innate Abilities, Weirdness & Mutations

You are resistant to torment.
Your stone body is resilient. (AC +4)
You are immune to poison.
You resist negative energy. (rN+)
You are resistant to electric shocks. (rElec)
You can survive without breathing.
You are immune to petrification.
You are immune to rotting.
You are partially covered in thin metallic scales. (AC +2)
You have a somewhat thin skeletal structure. (Dex +2, Stealth)
You are robust. (+10% HP)


Message History

The ogre is lightly wounded.
The crimson imp barely misses you.
You hit the ogre.
The ogre is lightly wounded.
You block the ogre's attack. The crimson imp hits you.
You hit the ogre.
The ogre is moderately wounded.
You block the crimson imp's attack. The ogre hits you but does no damage.
You whack the ogre!
The ogre is severely wounded.
The crimson imp hits you but does no damage.
You barely miss the ogre.
The ogre is severely wounded.
You block the ogre's attack.
The crimson imp hits you but does no damage.
You hit the ogre.
The ogre is severely wounded.
You block the crimson imp's attack.
The ogre hits you with a giant spiked club!!
You die...

####......#
..........#
.........#
#.......###
#.........
#.......#
#....5..#
#...O@..#
.(..#+#####
.


You could see an ogre and a crimson imp.

Vanquished Creatures
  A black bear (D:6)
  A sky beast (D:6)
  A bullfrog (D:6)
  A howler monkey (D:6)
  An orc wizard (D:3)
  Terence (D:2)
  2 adders
  An ooze (D:2)
  2 worms
  A dart slug (D:2)
  4 leopard geckos
  10 orcs
  2 bats
  3 giant cockroaches
  3 goblins
  6 hobgoblins
  2 quokkas (D:2)
  A ball python (D:1)
  2 frilled lizards
  3 kobolds
  4 rats
52 creatures vanquished.

Notes
Turn   | Place    | Note
-------+----------+-------------------------------------------
     0 | D:1      | theAP the Gargoyle Fighter began the quest for the Orb.
     0 | D:1      | Reached XP level 1. HP: 14/14 MP: 1/1
   311 | D:1      | Reached XP level 2. HP: 17/19 MP: 2/2
   908 | D:2      | Reached XP level 3. HP: 24/24 MP: 3/3
   978 | D:2      | Noticed Terence
   994 | D:2      | Killed Terence
  1167 | D:2      | Reached XP level 4. HP: 29/29 MP: 4/4
  1342 | D:3      | Reached XP level 5. HP: 27/34 MP: 5/5
  1353 | D:3      | You fall through a shaft for 3 floors!
  1508 | D:6      | Noticed a black bear
  1519 | D:6      | Killed a black bear
  1519 | D:6      | Reached skill level 5 in Maces & Flails
  1519 | D:6      | Reached XP level 6. HP: 37/39 MP: 6/6
  1653 | D:6      | Reached skill level 5 in Fighting
  1694 | D:6      | Noticed a sky beast
  1714 | D:6      | Killed a sky beast
  1718 | D:6      | Gained mutation: You are robust. (+10% HP) [mutagenic meat]
  1719 | D:6      | Gained mutation: Your flesh is cold resistant. (rC+) [mutagenic meat]
  1720 | D:6      | Gained mutation: You have a somewhat thin skeletal structure. (Dex +2, Stealth) [mutagenic meat]
  1721 | D:6      | Lost mutation: Your flesh is cold resistant. (rC+) [mutagenic meat]
  1722 | D:6      | Gained mutation: You are partially covered in thin metallic scales. (AC +2) [mutagenic meat]
  1812 | D:5      | Entered Level 5 of the Dungeon
  1822 | D:5      | Slain by an ogre

Skill      XL: |  1  2  3  4  5  6 |
---------------+-------------------+-----
Fighting       | 4 5 |  5.2
Maces & Flails | 3 4 5 |  5.9
Armour         | |  3.5
Shields        | |  3.4

Action                   |  1- 3 |  4- 6 || total
-------------------------+-------+-------++-------
Melee: Flail             |    82 |       ||    82
       Whip              |    22 |   119 ||   141
  Use: Scroll            |     3 |     4 ||     7
  Eat: Chunk             |     1 |     6 ||     7
Armor: Scale mail        |    38 |    60 ||    98
Dodge: Dodged            |    26 |    28 ||    54
Block: Shield            |    65 |    68 ||   133
